 Dungeon Crawl Stone Soup version 0.20-a0-1116-gaa52201 (webtiles) character file.

76 grindst0ne the Chopper (level 4, 0/34 HPs)
             Began as a Demonspawn Gladiator on May 7, 2017.
             Killed from afar by an orc wizard (4 damage)
             ... with a puff of flame
             ... on level 4 of the Dungeon.
             The game lasted 00:02:54 (1645 turns).

grindst0ne the Chopper (Demonspawn Gladiator)       Turns: 1645, Time: 00:02:55

Health: 0/34       AC:  4    Str: 15    XL:     4   Next: 12%
Magic:  4/4        EV: 18    Int: 10    God:
Gold:   42         SH:  0    Dex: 19    Spells: 3/3 levels left

rFire    . . .     SeeInvis .   a - +0 war axe
rCold    . . .     Gourm    .   (no shield)
rNeg     . . .     Faith    .   b - +0 leather armour
rPois    .         Spirit   .   c - +0 helmet
rElec    .         Reflect  .   (no cloak)
rCorr    .         Harm     .   (no gloves)
MR       .....                  (no boots)
Stlth    ++........             (no amulet)
Regen    0.2/turn               (no ring)
MPRegen  0.1/turn               (no ring)

@: agile
A: talons 1, powered by pain 1
a: no special abilities


You were on level 4 of the Dungeon.
You were not hungry.

You visited 1 branch of the dungeon, and saw 4 of its levels.

You collected 42 gold pieces.

Inventory:

Hand Weapons
 a - a +0 war axe (weapon)
Missiles
 d - 3 throwing nets (quivered)
Armour
 b - a +0 leather armour (worn)
 c - a +0 helmet (worn)
Scrolls
 e - a scroll of immolation {unknown}
 g - a scroll of identify {unknown}
 h - a scroll of teleportation {unknown}
Books
 i - a book of Cantrips

   Spells                             Type                      Level
   a - Confusing Touch                Hexes                        1
   b - Animate Skeleton               Necromancy                   1
   c - Summon Small Mammal            Summoning                    1
   d - Apportation                    Translocation                1
Comestibles
 f - a bread ration
 j - 2 chunks of flesh


   Skills:
 + Level 2.3 Fighting
 + Level 3.7 Axes
 + Level 2.0 Throwing
 + Level 1.0 Armour
 + Level 3.1 Dodging


You had 3 spell levels left.
You didn't know any spells.

Dungeon Overview and Level Annotations

Branches:
Dungeon (4/15)
 Temple: D:4-7

Altars:
Qazlal
Wu Jian


Innate Abilities, Weirdness & Mutations

You have sharp toenails.
You sometimes gain a little power by taking damage.


Message History

Something hits you but does no damage.
You slash the orc!
You kill the orc!
You miss something. Something hits you.
You convulse.
* * * LOW HITPOINT WARNING * * *
Something barely misses you.
You hear some strange, mumbled words.
You hear a bark!
There is an open door here.
Things that are here:
a club; a ring mail The orc wizard gestures at you while chanting.
The magic dart hits you!
* * * LOW HITPOINT WARNING * * *
Something barely misses you.
A hound comes into view.
The orc wizard hits you but does no damage.
You hear some strange, mumbled words.
A puff of flame appears from out of thin air!
The puff of flame hits you!
You die...

.......
.......
.......
##...$...
#####........
##..##........
##....)....#
###......<..##
#........@..#
.........o..##
........†.{.#
.........#)##
.........)_+
.........#h#
............
#..$......##
###.....###


You could see a hound and an orc wizard.

Vanquished Creatures
  Terence (D:2)
  2 adders (D:3)
  An ooze (D:3)
  A worm (D:4)
  4 orcs
  2 bats
  2 giant cockroaches (D:2)
  A goblin (D:2)
  3 hobgoblins
  3 kobolds
  A quokka (D:2)
  3 frilled lizards
  2 rats
26 creatures vanquished.

Notes
Turn   | Place    | Note
-------+----------+-------------------------------------------
     0 | D:1      | grindst0ne the Demonspawn Gladiator began the quest for the Orb.
     0 | D:1      | Reached XP level 1. HP: 16/16 MP: 1/1
   118 | D:2      | Found a stormy altar of Qazlal.
   163 | D:2      | Gained mutation: You have sharp toenails. [demonic ancestry]
   163 | D:2      | Reached XP level 2. HP: 19/22 MP: 2/2
   434 | D:2      | Noticed Terence
   446 | D:2      | Killed Terence
   446 | D:2      | Gained mutation: You sometimes gain a little power by taking damage. [demonic ancestry]
   446 | D:2      | Reached XP level 3. HP: 8/27 MP: 3/3
  1596 | D:3      | Reached skill level 1 in Armour
  1626 | D:4      | Reached XP level 4. HP: 19/34 MP: 4/4
  1627 | D:4      | Found an ornate altar of the Wu Jian Council.
  1645 | D:4      | Killed from afar by an orc wizard

Vault maps used:
D:1:      nicolae_arrival_memento_mori
D:2:      old_standard_altar, first_bread, hangedman_abyss_or_decor_stabs,
          corexii_item_surrounded_by_moat, uniq_natasha, uniq_robin,
          uniq_terence
D:3:      nicolae_overflow_hidden_temple
D:4:      kennysheep_mini, chequers_temple_overflow_statue_of_worship,
          lightli_sewer_entry_pipes

Skill      XL: |  1  2  3 |
---------------+----------+-----
Axes           | 3 |  3.7
Dodging        | 3 |  3.1
Throwing       | 2 |  2.0
Armour         | 1 |  1.0
Fighting       | |  2.3

Action                   |  1- 3 |  4- 6 || total
-------------------------+-------+-------++-------
Melee: War axe           |    87 |    12 ||    99
       Kick              |    20 |     3 ||    23
  Eat: Chunk             |     2 |       ||     2
Armor: Leather armour    |    23 |     2 ||    25
Dodge: Dodged            |    72 |    10 ||    82
